 Dungeon Crawl Stone Soup version 0.19.1-1-g22dce08 (webtiles) character file.

6867 sveltemanboy the Summoner (level 11, -4/60 HPs)
             Began as a Tengu Summoner on Jan 7, 2017.
             Was a Follower of Ashenzari.
             Shot with an arrow by a centaur warrior (24 damage)
             ... on level 10 of the Dungeon.
             The game lasted 00:34:54 (11286 turns).

sveltemanboy the Summoner (Tengu Summoner)         Turns: 11286, Time: 00:34:54

Health: -4/60      AC:  6    Str: 13    XL:     11   Next: 6%
Magic:  7/15       EV: 14    Int: 18    God:    Ashenzari [*.....]
Gold:   562        SH:  0    Dex: 17    Spells: 5 memorised, 1 level left

rFire  . . .     SeeInvis +     a - +1 halberd (curse)
rCold  + + +     Gourm    .     D - +1 robe of Gravitas {rPois rC+ Regen+ Str+3} (curse)
rNeg   . . .     Faith    .     (shield currently unavailable)
rPois  +         Spirit   .     (helmet restricted)
rElec  .         Reflect  .     (no cloak)
rCorr  .         Harm     .     A - +2 pair of gloves of Wigheyni {rC+ MR+ Dex+3} (curse)
MR     +....                    (boots unavailable)
Stlth  ++........               (no amulet)
                                v - ring of protection from cold
                                e - ring of see invisible

@: no status effects
A: beak, talons 3, able to fly 1
a: Fly, Curse Item, Scrying, Renounce Religion


You were on level 10 of the Dungeon.
You worshipped Ashenzari.
Ashenzari was aware of your devotion.
You were hungry.

You visited 2 branches of the dungeon, and saw 11 of its levels.

You collected 562 gold pieces.

Inventory:

Hand Weapons
 a - a cursed +1 halberd (weapon)
 E - a +0 glaive
Armour
 A - the cursed +2 pair of gloves of Wigheyni (worn) {rC+ MR+ Dex+3}
   (You found it on level 5 of the Dungeon)

   It affects your dexterity (+3).
   It protects you from cold.
   It affects your resistance to hostile enchantments.
   It has a curse placed upon it.
 D - the cursed +1 robe of Gravitas (worn) {rPois rC+ Regen+ Str+3}
   (You found it on level 6 of the Dungeon)

   It affects your strength (+3).
   It protects you from cold.
   It protects you from poison.
   It increases your rate of regeneration.
   It has a curse placed upon it.
Jewellery
 e - a ring of see invisible (left hand)
 i - an uncursed ring of ice
 v - a ring of protection from cold (right hand)
Wands
 m - a wand of acid (3/15)
 w - a wand of digging (10/24)
 B - a wand of paralysis (18/24)
Scrolls
 d - 3 scrolls of blinking {unknown}
 f - 3 scrolls of amnesia
 h - 6 scrolls of identify
 n - a scroll of summoning {unknown}
 o - a scroll of enchant weapon
 r - a scroll of teleportation
 t - a scroll of fear
 u - a scroll of fog
 z - 3 scrolls of immolation {unknown}
 C - a scroll of recharging
 F - 2 scrolls of enchant armour
 G - a scroll of remove curse
Potions
 j - a potion of cancellation
 l - a potion of mutation {unknown}
 s - 2 potions of flight
 x - 3 potions of curing
Books
 y - a book of Necromancy

   Spells                             Type                      Level
   a - Pain                           Necromancy                   1
   b - Animate Skeleton               Necromancy                   1
   c - Vampiric Draining              Necromancy                   3
   d - Regeneration                   Charms/Necromancy            3
   e - Animate Dead                   Necromancy                   4
   f - Control Undead                 Necromancy                   4
Comestibles
 b - 6 chunks of flesh
 c - 9 bread rations
 g - 4 meat rations
 k - a slice of pizza
 p - 2 beef jerkies
 q - a royal jelly


   Skills:
 - Level 3.0 Fighting
 * Level 11.5 Polearms
 - Level 4.0 Dodging
 - Level 2.0 Stealth
 - Level 2.0 Spellcasting
 + Level 12.5 Summonings
 + Level 6.3 Necromancy
 - Level 1.1 Ice Magic


You had one spell level left.
You knew the following spells:

 Your Spells              Type           Power        Failure   Level  Hunger
a - Animate Skeleton      Necr           N/A          1%          1    #......
b - Call Imp              Summ           #####...     1%          2    ###....
c - Call Canine Familiar  Summ           #####...     1%          3    ###....
d - Summon Ice Beast      Ice/Summ       ####....     14%         4    #####..
e - Regeneration          Chrm/Necr      ##........   17%         3    ###....


Dungeon Overview and Level Annotations

Branches:
Dungeon (10/15)            Temple (1/1) D:7            Lair (0/6) D:8
    Orc (0/2) D:9

Altars:
Ashenzari
Cheibriados
Elyvilon
Gozag
Hepliaklqana
Kikubaaqudgha
Makhleb
Nemelex Xobeh
Okawaru
Qazlal
Ru
Sif Muna
Trog
Uskayaw
Vehumet
Yredelemnul
The Shining One

Annotations:
D:8 Venfury's ghost, novice TrBe


Innate Abilities, Weirdness & Mutations

You have a beak for a mouth.
You have claws for feet.
You can fly.


Message History

You kill the orc wizard!
A centaur warrior comes into view.
The centaur warrior wields a shortbow.
The centaur warrior shoots an arrow.
The arrow hits you!!
* * * LOW HITPOINT WARNING * * *
You see here an arrow.
You are too injured to fight recklessly!
You swap places.
The centaur warrior shoots an arrow.
The arrow hits your orc warrior skeleton!
Your orc warrior skeleton is destroyed!
You swap places.
The centaur warrior shoots an arrow.
The arrow hits your ice beast!
Your ice beast dies!
You see here a +0 falchion.
Items here: )) ? [[ a +1 dagger of speed; a +0 robe; a +0 halberd; a +0 chain mail a scroll of amnesia The centaur warrior shoots an arrow.
The arrow closely misses your wolf. The arrow hits you!!
You die...

..####a..).......#.###.#
.###....o..#####.c....
..a....)##.# #...#
####.##.##.# #...# #.#..##.#
#)..# #.#.###.# #().# #
###.#.###.# #)..# ..
##.#.).....#####h5.######..#
#.#..#(.#.......@.<(........
.......(...)....<.†.........
#...(....()).%.)............
##...#...#(#####...######.#.
##.........# #...#
...>.....### #...#
##.#.......# #...#
##.#..#.##.# #...#
........##.# ###...#######


You could see a centaur warrior, a friendly wolf and a friendly crimson imp.

Vanquished Creatures
  An unseen horror (D:10)
  2 trolls
  6 yaks (D:9)
  A warg (D:8)
  5 orc warriors
  A sky beast (D:10)
  2 phantoms
  3 centaurs
  A bullfrog (D:8)
  2 scorpions
  A water moccasin skeleton (D:8)
  6 killer bees
  A bullfrog zombie (D:6)
  4 orc priests
  2 hounds
  3 orc wizards
  A centaur skeleton (D:7)
  2 iguanas
  3 worker ants
  6 adders
  A shadow imp (D:7)
  An ooze (D:1)
  An adder skeleton (D:9)
  A worm (D:4)
  A dart slug (D:3)
  5 leopard geckos
  28 orcs
  7 giant cockroaches
  8 goblins
  4 hobgoblins
  6 kobolds
  A quokka (D:9)
  5 bats
  6 rats
128 creatures vanquished.

Vanquished Creatures (collateral kills)
  A hill giant (D:10)
  A deep elf mage (D:10)
  An ugly thing (D:10)
  A wolf spider (D:10)
  A troll (D:10)
  2 hungry ghosts
  3 yaks (D:9)
  Eustachio (D:5)
  A warg (D:9)
  A mottled dragon (D:10)
  7 orc warriors
  2 ice beasts
  A sky beast (D:8)
  5 ogres
  A necrophage (D:6)
  A centaur (D:5)
  A big kobold (D:9)
  Blork the orc (D:5)
  3 bullfrogs
  A wyvern skeleton (D:7)
  4 killer bees
  A crimson imp (D:5)
  A quasit (D:6)
  A bullfrog skeleton (D:9)
  A jelly (D:8)
  9 orc priests
  A hound (D:8)
  8 orc wizards
  An iguana (D:9)
  Terence (D:2)
  Ijyb (D:2)
  3 worker ants
  A worker ant zombie (D:8)
  4 adders
  2 shadow imps
  An ooze (D:5)
  An adder zombie (D:5)
  A worm (D:3)
  2 dart slugs
  A leopard gecko (D:1)
  20 orcs
  2 bats
  A giant cockroach (D:1)
  5 goblins
  3 hobgoblins
  4 quokkas
  A frilled lizard (D:1)
  8 kobolds
  A rat (D:3)
126 creatures vanquished.

Vanquished Creatures (others)
  An orc (D:10)
1 creature vanquished.

Grand Total: 255 creatures vanquished

Notes
Turn   | Place    | Note
-------+----------+-------------------------------------------
     0 | D:1      | sveltemanboy the Tengu Summoner began the quest for the Orb.
     0 | D:1      | Reached XP level 1. HP: 10/10 MP: 4/4
   256 | D:1      | Reached skill level 5 in Summonings
   295 | D:1      | Reached XP level 2. HP: 2/16 MP: 3/6
   561 | D:1      | Learned a level 2 spell: Call Imp
   623 | D:1      | Reached skill level 1 in Fighting
  1494 | D:2      | Reached XP level 3. HP: 18/20 MP: 3/7
  1786 | D:2      | Learned a level 3 spell: Call Canine Familiar
  1933 | D:2      | Found a bloodstained altar of Trog.
  1939 | D:2      | Noticed Ijyb
  1948 | D:2      | Killed Ijyb
  2073 | D:2      | Noticed Terence
  2090 | D:2      | Killed Terence
  2090 | D:2      | Reached skill level 6 in Summonings
  2090 | D:2      | Reached XP level 4. HP: 13/26 MP: 0/8
  4218 | D:3      | Gained mutation: You can fly. [Tengu growth]
  4218 | D:3      | Reached XP level 5. HP: 22/30 MP: 4/9
  4814 | D:4      | Noticed an ogre
  4830 | D:4      | Killed an ogre
  4830 | D:4      | Reached skill level 7 in Summonings
  5276 | D:4      | Found a white marble altar of Elyvilon.
  5330 | D:5      | Entered Level 5 of the Dungeon
  5330 | D:5      | Noticed Eustachio
  5352 | D:5      | Killed Eustachio
  5352 | D:5      | Reached XP level 6. HP: 36/36 MP: 2/10
  5605 | D:5      | Noticed Blork the orc
  5610 | D:5      | Killed Blork the orc
  5649 | D:5      | Reached skill level 8 in Summonings
  5756 | D:5      | Reached XP level 7. HP: 41/41 MP: 7/11
  5783 | D:5      | Got a pair of transparent gloves
  5896 | D:5      | Identified the +2 pair of gloves of Wigheyni {rC+ MR+ Dex+3} (You found it on level 5 of the Dungeon)
  6220 | D:5      | Reached skill level 9 in Summonings
  6226 | D:5      | Learned a level 4 spell: Summon Ice Beast
  6424 | D:6      | Reached skill level 1 in Ice Magic
  6699 | D:6      | Got a dull robe
  6710 | D:6      | Identified the +1 robe of Gravitas {rPois rC+ Regen+ Str+3} (You found it on level 6 of the Dungeon)
  6781 | D:6      | Reached skill level 1 in Polearms
  6781 | D:6      | Reached XP level 8. HP: 46/46 MP: 5/12
  7105 | D:6      | Found a sacrificial altar of Ru.
  7136 | D:6      | Learned a level 1 spell: Animate Skeleton
  7267 | D:7      | Reached skill level 10 in Summonings
  7587 | D:7      | Reached skill level 5 in Polearms
  7671 | D:7      | Found a staircase to the Ecumenical Temple.
  7678 | Temple   | Entered the Ecumenical Temple
  7806 | Temple   | Became a worshipper of Ashenzari the Shackled
  8026 | D:8      | Noticed Venfury's ghost (novice TrBe)
  8206 | D:8      | Found a stormy altar of Qazlal.
  8261 | D:8      | Reached XP level 9. HP: 28/50 MP: 9/13
  8345 | D:8      | Found a staircase to the Lair.
  8695 | D:8      | Reached skill level 1 in Necromancy
  8704 | D:8      | Found a glowing golden altar of the Shining One.
  8948 | D:9      | Reached * piety under Ashenzari
  9001 | D:8      | Reached skill level 11 in Summonings
  9096 | D:9      | Noticed a troll
  9104 | D:9      | Killed a troll
  9414 | D:9      | Found a staircase to the Orcish Mines.
  9608 | D:9      | Reached XP level 10. HP: 30/56 MP: 11/14
 10006 | D:9      | Reached skill level 10 in Polearms
 10082 | D:9      | Learned a level 3 spell: Regeneration
 10271 | D:9      | Found a burning altar of Makhleb.
 10274 | D:9      | Found an opulent altar of Gozag.
 10277 | D:9      | Found a sparkling altar of Nemelex Xobeh.
 10552 | D:10     | Entered Level 10 of the Dungeon
 10570 | D:10     | Reached skill level 12 in Summonings
 10740 | D:10     | Noticed a deep elf mage
 10748 | D:10     | Noticed an unseen horror
 10748 | D:10     | Killed a deep elf mage
 10748 | D:10     | Reached skill level 5 in Necromancy
 10757 | D:10     | Killed an unseen horror
 10815 | D:10     | Noticed a hill giant
 10816 | D:10     | Noticed a wolf spider
 11002 | D:10     | Killed a wolf spider
 11190 | D:10     | Noticed a green ugly thing
 11201 | D:10     | Killed a green ugly thing
 11234 | D:10     | Killed a hill giant
 11234 | D:10     | Reached XP level 11. HP: 60/60 MP: 7/15
 11282 | D:10     | Noticed a centaur warrior
 11286 | D:10     | Shot with an arrow by a centaur warrior

Skill      XL: |  1  2  3  4  5  6  7  8  9 10 |
---------------+-------------------------------+-----
Summonings     | 5 6 7 8 9 10 11 12 | 12.5
Fighting       | 1 2 3 |  3.0
Dodging        | 3 4 |  4.0
Ice Magic      | 1 |  1.1
Polearms       | 1 6 9 11 | 11.5
Necromancy     | 3 6 |  6.3
Stealth        | |  2.0
Spellcasting   | |  2.0

Action                   |  1- 3 |  4- 6 |  7- 9 | 10-12 || total
-------------------------+-------+-------+-------+-------++-------
Melee: Unarmed           |    10 |       |       |       ||    10
       Peck              |    10 |    18 |    43 |    12 ||    83
       Kick              |    11 |    28 |    55 |    23 ||   117
       Short sword       |    46 |    92 |       |       ||   138
       Dagger            |       |    26 |    46 |       ||    72
       Halberd           |       |       |   229 |   150 ||   379
 Cast: Summon Small Mamm |    22 |    21 |     1 |       ||    44
       Call Imp          |    12 |    22 |    29 |    11 ||    74
       Call Canine Famil |       |     5 |    29 |    22 ||    56
       Summon Ice Beast  |       |       |     2 |     8 ||    10
       Animate Skeleton  |       |       |     1 |    14 ||    15
       Regeneration      |       |       |       |     3 ||     3
Invok: Curse Item        |       |       |     3 |       ||     3
Evoke: Wand              |       |       |     4 |       ||     4
  Use: Potion            |       |     4 |     7 |       ||    11
       Scroll            |       |       |    14 |     1 ||    15
 Stab: Sleeping          |     3 |     8 |     7 |       ||    18
       Distracted        |       |     1 |     8 |     3 ||    12
       Paralysed         |       |       |     1 |       ||     1
  Eat: Chunk             |     4 |    15 |    17 |     9 ||    45
       Pizza             |       |       |     1 |       ||     1
       Royal jelly       |       |       |       |     1 ||     1
Armor: Robe              |     9 |    16 |    36 |    16 ||    77
       Skin              |       |       |     9 |     6 ||    15
Dodge: Dodged            |    33 |    82 |   153 |    64 ||   332
